MLB
TEXAS RANGERS @ HOUSTON ASTROS
04/14/2024
 
TOP OF THE 1ST
Texas Rangers batting - Pitching for Houston Astros : LHP Ryan Weathers
Pitching: LHP Ryan Weathers
Batting: RHB Claude Kern 0-0: Ball
1-0: Ball
2-0: SINGLE (Groundball, 6MD, EV 95.6 MPH)
Batting: RHB Marshall Larkin 0-0: Ball
1-0: Grounds into double play, 6-4-3 (Groundball, 6, EV 105.0 MPH)
Batting: LHB Riley Greene 0-0: Ball
1-0: Foul Ball, location: 9LDF
1-1: Foul Ball, location: 2F
1-2: Ball
2-2: Ball
3-2: Strikes out swinging
Top of the 1st over - 0 runs, 1 hit, 0 errors, 0 left on base; Texas 0 - Houston 0
BOTTOM OF THE 1ST
Houston Astros batting - Pitching for Texas Rangers : RHP James Kaprielian
Pitching: RHP James Kaprielian
Batting: LHB Richard Fowler 0-0: Ball
1-0: Ball
2-0: Ground out 4-3 (Groundball, 4, EV 96.3 MPH)
Batting: LHB Darge Kawawe 0-0: Swinging Strike
0-1: Called Strike
0-2: Strikes out swinging
Batting: RHB Julián Silva 0-0: Ball
1-0: Ball
2-0: Ball
3-0: Called Strike
3-1: Called Strike
3-2: Foul Ball, location: 2F
3-2: Fly out, F7 (Line Drive, 7, EV 89.4 MPH)
Bottom of the 1st over - 0 runs, 0 hits, 0 errors, 0 left on base; Texas 0 - Houston 0
TOP OF THE 2ND
Texas Rangers batting - Pitching for Houston Astros : LHP Ryan Weathers
Batting: RHB Mac Watten 0-0: Ball
1-0: Ball
2-0: Called Strike
2-1: Foul Ball, location: 2F
2-2: SINGLE (Groundball, 56D, EV 106.9 MPH)
Batting: LHB Richard Fields 0-0: Called Strike
0-1: Ball
1-1: Fly out, F5 (Popup, 5F, EV 61.3 MPH)
Batting: RHB Arturo Moreno 0-0: Swinging Strike
0-1: Fly out, F9 (Flyball, 9, EV 89.4 MPH)
Batting: LHB Jeremy Kinney 0-0: Called Strike
0-1: Ball
Wild Pitch!
Mac Watten to second
1-1: Ball
2-1: Ball
3-1: Foul Ball, location: 3F
3-2: Strikes out looking
Top of the 2nd over - 0 runs, 1 hit, 0 errors, 1 left on base; Texas 0 - Houston 0
BOTTOM OF THE 2ND
Houston Astros batting - Pitching for Texas Rangers : RHP James Kaprielian
Batting: LHB Edgardo Arredondo 0-0: Ball
1-0: Ball
2-0: Foul Ball, location: 2F
2-1: Ball
3-1: Base on Balls
Batting: RHB Fernando Tatis Jr. 0-0: Called Strike
0-1: Ball
1-1: Called Strike
1-2: Ball
2-2: Ball
3-2: 2-RUN HOME RUN (Flyball, 78XD, EV 102.5 MPH), Distance : 408 ft
Batting: SHB Aaron White 0-0: Ball
1-0: SINGLE (Line Drive, 9S, EV 100.6 MPH)
Batting: RHB Justin Ellis 0-0: Ball
1-0: Called Strike
1-1: Foul Ball, location: 2F
1-2: Foul Ball, location: 25F
1-2: Ball
2-2: Strikes out looking
Batting: RHB Bill Weaver Pickoff Throw to First - Out! 1-3 CS
0-0: Ground out 4-3 (Groundball, 4, EV 87.5 MPH)
Bottom of the 2nd over - 2 runs, 2 hits, 0 errors, 0 left on base; Texas 0 - Houston 2
TOP OF THE 3RD
Texas Rangers batting - Pitching for Houston Astros : LHP Ryan Weathers
Batting: RHB Josh Gray 0-0: Foul Ball, location: 3F
0-1: Ball
1-1: Foul Ball, location: 9LSF
1-2: Ball
2-2: Strikes out looking
Batting: SHB Jake Mangum 0-0: Ball
1-0: Ground out 6-3 (Groundball, 56, EV 108.8 MPH)
Batting: RHB Claude Kern 0-0: Ball
1-0: Ball
2-0: Fly out, F8 (Flyball, 8RD, EV 99.4 MPH)
Top of the 3rd over - 0 runs, 0 hits, 0 errors, 0 left on base; Texas 0 - Houston 2
BOTTOM OF THE 3RD
Houston Astros batting - Pitching for Texas Rangers : RHP James Kaprielian
Batting: RHB Joey Bart 0-0: Called Strike
0-1: Ball
1-1: Foul Ball, location: 2F
1-2: Ball
2-2: Foul Ball, location: 2F
2-2: Foul Ball, location: 2F
2-2: SINGLE (Groundball, 34D, EV 108.8 MPH)
Batting: LHB Richard Fowler 0-0: Called Strike
0-1: Grounds into double play, 4-6-3 (Groundball, 34, EV 102.5 MPH)
Batting: LHB Darge Kawawe 0-0: Fly out, F7 (Line Drive, 7S, EV 92.5 MPH)
Bottom of the 3rd over - 0 runs, 1 hit, 0 errors, 0 left on base; Texas 0 - Houston 2
TOP OF THE 4TH
Texas Rangers batting - Pitching for Houston Astros : LHP Ryan Weathers
Batting: RHB Marshall Larkin 0-0: Foul Ball, location: 2F
0-1: Ball
1-1: Ball
2-1: Ball
3-1: Base on Balls
Batting: LHB Riley Greene 0-0: Ball
1-0: Swinging Strike
1-1: Called Strike
1-2: Foul Ball, location: 3F
1-2: Foul Ball, location: 3F
1-2: Ball
2-2: Ball
3-2: Base on Balls
Marshall Larkin to second
Batting: RHB Mac Watten 0-0: Swinging Strike
0-1: Ball
Wild Pitch!
Marshall Larkin to third
Riley Greene to second
1-1: Ball
2-1: Ball
3-1: Called Strike
3-2: Foul Ball, location: 25F
3-2: Foul Ball, location: 2F
3-2: Fly out, F2 (Popup, 2RF, EV 93.1 MPH)
Batting: LHB Richard Fields 0-0: Fly out, F8 (Flyball, 78M, EV 98.8 MPH)
Runner from 3rd tags up, SCORES, throw by CF
Riley Greene to third
Batting: RHB Arturo Moreno 0-0: Ball
1-0: Ball
2-0: Called Strike
2-1: Ball
3-1: Ground out 5-3 (Groundball, 56, EV 78.8 MPH)
Top of the 4th over - 1 run, 0 hits, 0 errors, 1 left on base; Texas 1 - Houston 2
BOTTOM OF THE 4TH
Houston Astros batting - Pitching for Texas Rangers : RHP James Kaprielian
Batting: RHB Julián Silva 0-0: Ball
1-0: Ground out 4-3 (Groundball, 4M, EV 83.1 MPH)
Batting: LHB Edgardo Arredondo 0-0: Ball
1-0: Called Strike
1-1: Ball
2-1: Ball
3-1: Foul Ball, location: 3DF
3-2: SINGLE (Line Drive, 4MD, EV 98.8 MPH)
Batting: RHB Fernando Tatis Jr. 0-0: Ball
1-0: SINGLE (Groundball, 4MD, EV 104.4 MPH)
Edgardo Arredondo to second
Batting: SHB Aaron White 0-0: Called Strike
0-1: 3-RUN HOME RUN (Flyball, 89XD, EV 105.6 MPH), Distance : 403 ft
Batting: RHB Justin Ellis 0-0: Ball
1-0: Fly out, F7 (Flyball, 78XD, EV 88.8 MPH)
Batting: RHB Bill Weaver 0-0: Ball
1-0: Ball
2-0: Ball
3-0: Base on Balls
Pitching: RHP Anthony Chapman
Batting: RHB Joey Bart 0-0: Ball
1-0: Called Strike
1-1: Fielders Choice at 2nd, U4 (Groundball, 4M, EV 103.8 MPH)
Bottom of the 4th over - 3 runs, 3 hits, 0 errors, 1 left on base; Texas 1 - Houston 5
TOP OF THE 5TH
Texas Rangers batting - Pitching for Houston Astros : LHP Ryan Weathers
Batting: LHB Jeremy Kinney 0-0: Ball
1-0: Swinging Strike
1-1: Foul Ball, location: 7LMF
1-2: Strikes out swinging
Batting: RHB Josh Gray 0-0: Ball
1-0: Ball
2-0: SINGLE (Line Drive, 8RS, EV 106.9 MPH)
Batting: SHB Jake Mangum 0-0: Called Strike
0-1: Ball
1-1: Grounds into double play, 5-4-3 (Groundball, 56S, EV 83.8 MPH)
Top of the 5th over - 0 runs, 1 hit, 0 errors, 0 left on base; Texas 1 - Houston 5
BOTTOM OF THE 5TH
Houston Astros batting - Pitching for Texas Rangers : RHP Anthony Chapman
Batting: LHB Richard Fowler 0-0: Called Strike
0-1: Ball
1-1: Ball
2-1: Ground out 6-3 (Groundball, 4M, EV 83.8 MPH)
Batting: LHB Darge Kawawe 0-0: Foul Ball, location: 2F
0-1: Ball
1-1: Ball
2-1: Ball
3-1: Base on Balls
Batting: RHB Julián Silva 0-0: Ball
1-0: Ball
2-0: Called Strike
2-1: Called Strike
2-2: Ball
3-2: Base on Balls
Darge Kawawe to second
Batting: LHB Edgardo Arredondo 0-0: Called Strike
0-1: Ball
1-1: Called Strike
1-2: Foul Ball, location: 25F
1-2: Ball
2-2: Ball
3-2: Strikes out swinging
Batting: RHB Fernando Tatis Jr. 0-0: Called Strike
0-1: Called Strike
0-2: Ball
1-2: Strikes out swinging
Bottom of the 5th over - 0 runs, 0 hits, 0 errors, 2 left on base; Texas 1 - Houston 5
TOP OF THE 6TH
Texas Rangers batting - Pitching for Houston Astros : LHP Ryan Weathers
Pitching: RHP Tracy Mass
Batting: RHB Claude Kern 0-0: DOUBLE (Line Drive, 7LD, EV 110.0 MPH)
Batting: RHB Marshall Larkin 0-0: Called Strike
Claude Kern steals 3rd base
0-1: Ball
1-1: Called Strike
1-2: Foul Ball, location: 2F
1-2: Foul Ball, location: 9LSF
1-2: Foul Ball, location: 7LMF
1-2: Ball
2-2: Foul Ball, location: 2F
2-2: Strikes out swinging
Batting: LHB Riley Greene 0-0: Called Strike
0-1: Swinging Strike
0-2: Strikes out swinging
Batting: RHB Mac Watten 0-0: Called Strike
0-1: Called Strike
0-2: Strikes out looking
Top of the 6th over - 0 runs, 1 hit, 0 errors, 1 left on base; Texas 1 - Houston 5
BOTTOM OF THE 6TH
Houston Astros batting - Pitching for Texas Rangers : RHP Anthony Chapman
Batting: SHB Aaron White 0-0: SINGLE (Line Drive, 9S, EV 99.4 MPH)
Pitching: LHP Bernardo Galló
Batting: RHB Justin Ellis 0-0: Ball
1-0: Foul Ball, location: 25FF
1-1: Fielders Choice at 2nd, 5-4 (Groundball, 56, EV 90.6 MPH)
Batting: RHB Bill Weaver 0-0: Called Strike
0-1: Called Strike
0-2: Ball
1-2: Strikes out swinging
Batting: RHB Joey Bart 0-0: Ball
1-0: Foul Ball, location: 23F
1-1: Swinging Strike
1-2: Foul Ball, location: 3DF
1-2: Strikes out swinging, 2-3 out at first.
Bottom of the 6th over - 0 runs, 1 hit, 0 errors, 1 left on base; Texas 1 - Houston 5
TOP OF THE 7TH
Texas Rangers batting - Pitching for Houston Astros : RHP Tracy Mass
Batting: LHB Richard Fields 0-0: Ball
1-0: Ball
2-0: Called Strike
2-1: Foul Ball, location: 7LSF
2-2: Strikes out looking
Batting: RHB Arturo Moreno 0-0: Foul Ball, location: 2F
0-1: Ball
1-1: Foul Ball, location: 2LF
1-2: Foul Ball, location: 3F
1-2: Ball
2-2: SINGLE (Line Drive, 9S, EV 105.0 MPH)
Pitching: RHP Josh Norbe
Batting: LHB Jeremy Kinney 0-0: Called Strike
0-1: Ball
1-1: SINGLE (Line Drive, 3D, EV 103.1 MPH)
Arturo Moreno to second
Batting: RHB Josh Gray 0-0: SINGLE (Groundball, 6, EV 85.6 MPH)
Arturo Moreno to third
Jeremy Kinney to second
Batting: SHB Jake Mangum 0-0: Called Strike
0-1: Ball
1-1: Swinging Strike
1-2: Ball
2-2: Foul Ball, location: 7LDF
2-2: Foul Ball, location: 2F
2-2: Strikes out swinging
Batting: RHB Claude Kern 0-0: Ball
1-0: Fielders Choice at 2nd, 6-4 (Groundball, 6, EV 99.4 MPH)
Top of the 7th over - 0 runs, 3 hits, 0 errors, 3 left on base; Texas 1 - Houston 5
BOTTOM OF THE 7TH
Houston Astros batting - Pitching for Texas Rangers : LHP Bernardo Galló
Batting: LHB Richard Fowler 0-0: Foul Ball, location: 3FF
0-1: SINGLE (Groundball, 23, EV 70.0 MPH) (infield hit)
Batting: LHB Darge Kawawe 0-0: Ball
1-0: Called Strike
1-1: Ball
2-1: Foul Ball, location: 7LDF
2-2: Fly out, F9 (Flyball, 9, EV 77.5 MPH)
Batting: RHB Julián Silva 0-0: Ball
1-0: Swinging Strike
1-1: Called Strike
1-2: Foul Ball, location: 2F
1-2: Foul Ball, location: 5F
1-2: Fly out, F5 (Popup, 56, EV 74.4 MPH)
Pitching: RHP Austin Leonard
Batting: LHB Edgardo Arredondo 0-0: Foul Ball, location: 2F
0-1: Ball
1-1: Fly out, F3 (Popup, 3F, EV 73.8 MPH)
Bottom of the 7th over - 0 runs, 1 hit, 0 errors, 1 left on base; Texas 1 - Houston 5
TOP OF THE 8TH
Texas Rangers batting - Pitching for Houston Astros : RHP Josh Norbe
Batting: RHB Marshall Larkin 0-0: Ball
1-0: SINGLE (Line Drive, 8LS, EV 93.1 MPH)
Batting: LHB Riley Greene 0-0: Ball
1-0: Ball
2-0: 2-RUN HOME RUN (Line Drive, 78XD, EV 113.1 MPH), Distance : 437 ft
Batting: RHB Mac Watten 0-0: Ball
1-0: Ball
2-0: Fly out, F9 (Flyball, 8RS, EV 76.9 MPH)
Pitching: LHP Miguel Tobías
Batting: LHB Richard Fields 0-0: Swinging Strike
0-1: Swinging Strike
0-2: Ball
1-2: Ball
2-2: DOUBLE (Line Drive, 78D, EV 103.1 MPH)
Batting: RHB Arturo Moreno 0-0: Called Strike
0-1: Foul Ball, location: 3F
0-2: Ball
1-2: Fly out, F8 (Flyball, 8RM, EV 83.8 MPH)
Batting: LHB Jeremy Kinney 0-0: Ground out U3 (Groundball, 3L, EV 85.6 MPH)
Top of the 8th over - 2 runs, 3 hits, 0 errors, 1 left on base; Texas 3 - Houston 5
BOTTOM OF THE 8TH
Houston Astros batting - Pitching for Texas Rangers : RHP Austin Leonard
Pitching: RHP Jesús Torres
Batting: RHB Fernando Tatis Jr. 0-0: Foul Ball, location: 5F
0-1: Called Strike
0-2: Foul Ball, location: 2F
0-2: SINGLE (Groundball, 4MD, EV 109.4 MPH)
Batting: SHB Aaron White 0-0: Ball
1-0: 2-RUN HOME RUN (Flyball, 9D, EV 105.6 MPH), Distance : 402 ft
Batting: RHB Justin Ellis 0-0: Called Strike
0-1: Ground out 5-3 (Groundball, 5, EV 83.8 MPH)
Batting: RHB Bill Weaver 0-0: Ball
1-0: Swinging Strike
1-1: Swinging Strike
1-2: Foul Ball, location: 3SF
1-2: Foul Ball, location: 23F
1-2: Strikes out swinging
Batting: RHB Joey Bart 0-0: Called Strike
0-1: Fly out, F4 (Popup, 4M, EV 59.4 MPH)
Bottom of the 8th over - 2 runs, 2 hits, 0 errors, 0 left on base; Texas 3 - Houston 7
TOP OF THE 9TH
Texas Rangers batting - Pitching for Houston Astros : LHP Miguel Tobías
Pitching: RHP Mark López
Batting: RHB Josh Gray 0-0: Ball
1-0: Called Strike
1-1: Ground out 5-3 (Groundball, 56S, EV 61.9 MPH)
Batting: SHB Jake Mangum 0-0: SINGLE (Line Drive, 3D, EV 99.4 MPH)
Batting: RHB Claude Kern 0-0: Ball
1-0: Swinging Strike
1-1: Ball
2-1: Foul Ball, location: 3F
2-2: Strikes out swinging
Batting: RHB Marshall Larkin 0-0: Called Strike
0-1: Swinging Strike
0-2: Strikes out swinging
Top of the 9th over - 0 runs, 1 hit, 0 errors, 1 left on base; Texas 3 - Houston 7
Tuesday, April 23rd , 2024 - OOTP Baseball 24.11 Build 85